 Dungeon Crawl Stone Soup version 0.31-a0-1540-g5a0b83f448 (webtiles) character file.

Game seed: 18263498449332593277

537 BigPumpCobain the Magician (level 7, -5/36 HPs)
             Began as a Deep Elf Summoner on Jan 2, 2024.
             Killed by divine providence
             ... invoked by an orc priest
              (13 damage)
             ... on level 4 of the Dungeon.
             The game lasted 00:12:36 (4305 turns).

BigPumpCobain the Magician (Deep Elf Summoner)      Turns: 4305, Time: 00:12:36

Health: -5/36      AC:  6    Str:  5    XL:     7   Next: 5%
Magic:  11/19      EV: 12    Int: 22    God:
Gold:   225        SH:  0    Dex: 15    Spells: 10/20 levels left

rFire   . . .        (no weapon)
rCold   . . .        (no shield)
rNeg    . . .        a - +0 robe
rPois   .            (no helmet)
rElec   .            p - +0 cloak
rCorr   .            (no gloves)
SInv    +            s - +2 pair of boots
Will    .....        (no amulet)
Stlth   ++           i - ring of see invisible
HPRegen 0.26/turn    (no ring)
MPRegen 0.16/turn

%: no passive effects
@: inugami summoned
A: no striking features
a: no special abilities


You were on level 4 of the Dungeon.
You visited 1 branch of the dungeon, and saw 4 of its levels.

You collected 225 gold pieces.

Inventory:

Missiles
 h - a throwing net
Armour
 a - a +0 robe (worn)
 p - a +0 cloak (worn)
 s - a +2 pair of boots (worn)
Jewellery
 i - a ring of see invisible (left hand)
 r - a ring of magical power
Scrolls
 c - a scroll of enchant weapon {unknown}
 d - 3 scrolls of amnesia {unknown}
 e - a scroll of teleportation {unknown}
 f - a scroll of acquirement {unknown}
 j - 2 scrolls of vulnerability {unknown}
 l - 2 scrolls of poison {unknown}
 q - 4 scrolls of identify {unknown}
 t - 2 scrolls of blinking {unknown}
Potions
 b - a potion of magic
 g - a potion of might {unknown}
 k - a potion of attraction {unknown}
 m - 3 potions of curing {unknown}
 n - 2 potions of brilliance {unknown}
 o - 4 potions of degeneration {unknown}


   Skills:
 - Level 2.4 Dodging
 - Level 2.4 Stealth
 + Level 7.0 Spellcasting
 + Level 6.9 Summonings
 + Level 2.7 Fire Magic


You had 10 spell levels left.
You knew the following spells:

 Your Spells              Type           Power      Damage    Failure   Level
a - Summon Small Mammal   Summ           100%       N/A       1%          1
b - Call Imp              Summ           76%        N/A       1%          2
c - Call Canine Familiar  Summ           38%        N/A       1%          3
d - Summon Blazeheart Go  Fire/Summ      29%        N/A       11%         4

Your spell library contained the following spells:

 Spells                   Type           Power      Damage    Failure   Level
 Scorch                   Fire           40%        2d6       4%          2
 Apportation              Tloc           14%        N/A       9%          1
 Necrotise                Necr           28%        1d5       9%          1
 Slow                     Hex            28%        N/A       9%          1
 Sting                    Conj/Alch      28%        1d4       9%          1
 Mercury Vapours          Alch/Air       14%        N/A       12%         2
 Animate Armour           Summ/Erth      46%        N/A       19%         4
 Summon Lightning Spire   Summ/Air       23%        N/A       19%         4
 Confusing Touch          Hex            7%         N/A       24%         3
 Sigil of Binding         Hex            7%         N/A       24%         3
 Stone Arrow              Conj/Erth      14%        3d7       24%         3
 Vampiric Draining        Necr           7%         2d6       24%         3
 Flame Wave               Conj/Fire      13%        2d6       43%         4
 Summon Cactus Giant      Summ           19%        N/A       58%         6
 Olgreb's Toxic Radiance  Alch           7%         N/A       63%         4
 Lehudib's Crystal Spear  Conj/Erth      3%         10d3      100%        8


Dungeon Overview and Level Annotations

Branches:
Dungeon (4/15)
 Temple: D:4-7

Altars:
Ru

Annotations:
D:4 3 runed translucent doors, Curundu's ghost, weakling HOBe


Message History

Casting: Call Canine Familiar (safe; 1% risk of failure)
Confirm with . or Enter, or press ? or * to list all spells.
A tiny devil pulls itself out of the air.
Your cerulean imp hits the ball python from afar with a -1 spear.
The ball python dies!
Your inugami disappears in a puff of smoke!
Your bat disappears in a puff of smoke!
Your rat disappears in a puff of smoke!
Your cerulean imp disappears in a puff of smoke!
Found a stone staircase leading up. 2 orcs come into view.
There are monsters nearby!
Casting: Summon Small Mammal (safe; 1% risk of failure)
Confirm with . or Enter, or press ? or * to list all spells.
You call for your canine familiar and it appears with a howl!
The orc shouts! x2
Casting: Call Canine Familiar (safe; 1% risk of failure)
Confirm with . or Enter, or press ? or * to list all spells.
You imbue your familiar with magical energy and its fangs glint viciously.
An orc priest comes into view. It is wielding a +0 flail.
Casting: Call Canine Familiar (safe; 1% risk of failure)
Confirm with . or Enter, or press ? or * to list all spells.
A tiny devil pulls itself out of the air.
You swap places.
Your inugami hits the orc!
The orc dies!
You swap places.
The orc priest looks satisfied for a moment.
The orc barely misses your inugami.
Your inugami hits the orc!
The orc dies!
The orc priest closely misses your inugami.
Your inugami hits the orc priest.
The orc priest calls down the wrath of Beogh upon you.
Beogh smites you!
Your inugami hits the orc priest.
The orc priest mumbles some strange prayers to Beogh against you.
Beogh smites you!
* * * LOW HITPOINT WARNING * * *
Your inugami hits the orc priest!
The orc priest calls down the wrath of Beogh upon you.
Beogh smites you!
You die...

############
....ohb5r@<#
.########..########
#...............#
..####..#######.#
######.......##.#
........####.##.#
........# #.##.#
######..# ##.##.# #
#..###...#.## ###


You could see an orc priest (ally target), a friendly cerulean imp (summoned), a
friendly inugami (summoned), a friendly bat (summoned) and a friendly rat
(summoned).

Vanquished Creatures
  A bat (D:1)
1 creature vanquished.

Vanquished Creatures (collateral kills)
  Sigmund (D:2)
  3 bombardier beetles
  A hound (D:4)
  A jelly (D:4)
  4 orc wizards (D:3)
  4 adders
  A dart slug (D:2)
  2 ribbon worms (D:2)
  13 orcs
  5 bats
  4 endoplasms
  2 giant cockroaches (D:2)
  7 hobgoblins
  2 jackals (D:1)
  2 quokkas
  3 ball pythons
  3 frilled lizards
  6 goblins
  9 kobolds
  9 rats
82 creatures vanquished.

Vanquished Creatures (others)
  An orc (D:4)
  A rat (D:3)
2 creatures vanquished.

Grand Total: 85 creatures vanquished

Notes
Turn   | Place    | Note
-------+----------+-------------------------------------------
     0 | D:1      | BigPumpCobain the Deep Elf Summoner began the quest for the
                  | Orb.
     0 | D:1      | Reached XP level 1. HP: 10/10 MP: 6/6
   472 | D:1      | Reached XP level 2. HP: 15/15 MP: 5/8
   481 | D:1      | Learned a level 2 spell: Call Imp
  1159 | D:2      | Reached skill level 4 in Spellcasting
  1159 | D:2      | Reached skill level 5 in Summonings
  1159 | D:2      | Reached XP level 3. HP: 19/19 MP: 4/10
  1167 | D:2      | Learned a level 3 spell: Call Canine Familiar
  1687 | D:2      | Noticed Sigmund
  1696 | D:2      | Killed Sigmund
  1697 | D:2      | Reached skill level 5 in Spellcasting
  1697 | D:2      | Reached XP level 4. HP: 24/24 MP: 1/13
  1697 | D:2      | Reached XP level 5. HP: 28/28 MP: 1/15
  1703 | D:2      | Learned a level 4 spell: Summon Blazeheart Golem
  2079 | D:3      | Reached skill level 6 in Spellcasting
  2192 | D:3      | Reached skill level 1 in Fire Magic
  2196 | D:3      | Reached XP level 6. HP: 32/32 MP: 12/17
  3505 | D:4      | Found a sacrificial altar of Ru.
  3658 | D:4      | Found a runed translucent gate.
  3705 | D:4      | Noticed Curundu's ghost (weakling HOBe)
  3733 | D:4      | Found a runed translucent gate.
  3734 | D:4      | Found a runed translucent gate.
  4171 | D:4      | Reached skill level 7 in Spellcasting
  4171 | D:4      | Reached XP level 7. HP: 36/36 MP: 11/19
  4305 | D:4      | Killed from afar by an orc priest

Illustrated notes

Levels and vault maps discovered:
D:1:      ebering_trefoil_3fold, layout_basic, supply_closet_lemuel,
          minmay_cupped
D:2:      layout_loops_cross, uniq_sigmund
D:3:      minmay_chambers_of_twos, layout_loops_cross, minmay_misc_feat_cross
D:4:      layout_loops_ring, nicolae_ru_the_path_less_chosen,
          gammafunk_ghost_split

Skill      XL: |  1  2  3  4  5  6 |
---------------+-------------------+-----
Spellcasting   | 4 5 6 7 |  7.0
Summonings     | 5 6 |  6.9
Fire Magic     | 1 2 |  2.7
Dodging        | |  2.4
Stealth        | |  2.4

Action                     |  1- 3 |  4- 6 |  7- 9 || total
---------------------------+-------+-------+-------++-------
  Melee: Unarmed           |     4 |     2 |       ||     6
   Cast: Summon Small Mamm |    30 |    31 |     4 ||    65
         Call Imp          |     9 |    18 |     2 ||    29
         Call Canine Famil |     7 |    30 |     3 ||    40
 Armour: Robe              |    14 |    11 |       ||    25
  Dodge: Dodged            |    14 |    25 |       ||    39

Table legend: (Time is in decaauts)
 A = Elapsed time spent in this place.
 B = Non-inter-level travel time spent in this place.
 C = Inter-level travel time spent in this place.
 D = Time resting spent in this place.
 E = Time spent auto-exploring this place.
 F = Levels seen in this place.
 G = Mean time per level.
                   A        B        C        D        E       F      G
               +--------+--------+--------+--------+--------+-----+--------+
         Total |   4304 |   4180 |    124 |     37 |   3452 |   4 | 1076.0 |
       Dungeon |   4304 |   4180 |    124 |     37 |   3452 |   4 | 1076.0 |
               +--------+--------+--------+--------+--------+-----+--------+

Top non-repeatable levels by time:
     D:3: 1316 daAuts
     D:1: 1034 daAuts
     D:2: 1033 daAuts
     D:4: 921 daAuts
